Map: Catalyst LE

Players

GiFteD - Winner!

  • Race: Zerg Zerg
  • League: Diamond
  • Spawn Location: 5:00

Infamous

  • Race: Protoss Protoss
  • League: Silver
  • Spawn Location: 11:00

VOD

Have the link to the VOD?

Description

Time

  • Played on: April 5, 2018, 4:29 p.m.
  • Length: 16:12
Show
View Real Time Build Order
Export as new Build Order

GiFteD Zerg - Winner!

Build Orders: Pool First 

Get SALT Encoding   

  12  0:01  Drone  
  13  0:12  Drone  
  14  0:18  Extractor  
  14  0:20  Drone, Extractor  
  13  0:22  Drone  
  13  0:27  Overlord  
  16  0:48  Drone x2  
  18  0:56  Extractor  
  17  0:58  Drone, Spawning Pool  
  17  1:06  Drone  
  18  1:21  Drone  
  19  1:34  Drone  
  20  1:46  Hatchery  
  19  2:00  Queen, Hatchery  
  20  2:11  Overlord  
  20  2:12  Metabolic Boost  
  20  2:22  Spore Crawler  
  19  2:23  Drone x2  
  21  2:34  Extractor  
  20  2:42  Pneumatized Carapace  
  20  2:47  Zergling x2  
  23  2:51  Drone x2  
  23  3:00  Drone x2  
  25  3:14  Zergling x6  
  25  3:19  Spine Crawler  
  27  3:23  Queen  
  29  3:28  Zergling x2  
  30  3:36  Drone x2  
  30  3:37  Drone  
  31  3:55  Drone x4  
  32  3:56  Drone  
  36  4:05  Roach Warren  
  36  4:09  Drone  
  36  4:20  Drone x4  
  40  4:36  Drone  
  40  4:37  Overlord x2  
  41  4:45  Overlord  
  41  4:46  Overlord  
  41  4:55  Queen  
  41  4:57  Drone x6  
  49  5:02  Lair  
  49  5:18  Drone  
  49  5:19  Drone x8  
  57  5:27  Overlord x2  
  56  5:38  Roach x5  
  65  5:43  Overlord x2  
  65  5:57  Spine Crawler  
  65  5:58  Spine Crawler  
  65  6:00  Spine Crawler, Roach x4  
  70  6:09  Zergling x6  
  73  6:14  Extractor  
  73  6:15  Glial Reconstitution  
  73  6:17  Extractor  
  69  6:21  Zergling x8, Roach x4  
  76  6:30  Roach x2  
  78  6:38  Roach x2  
  82  6:45  Roach  
  83  6:59  Roach x2  
  84  7:01  Overlord  
  81  7:17  Drone x3  
  81  7:19  Overlord x4  
  81  7:20  Overlord  
  84  7:23  Evolution Chamber x2  
  84  7:24  Roach  
  84  7:28  Burrow  
  84  7:33  Tunneling Claws  
  84  7:43  Hatchery  
  83  7:44  Overseer  
  83  7:53  Infestation Pit  
  83  7:54  Drone x5  
  87  8:02  Spore Crawler  
  87  8:04  Drone x6  
  92  8:23  Zerg Ground Armor Level 1, Zerg Missile Weapons Level 1  
  92  8:29  Queen  
  92  8:31  Drone x5  
  99  9:08  Roach x9  
  99  9:10  Roach x10  
  99  9:16  Roach x5  
  99  9:17  Roach x5  
  119  9:24  Hydralisk Den  
  118  9:37  Roach x2  
  106  9:50  Roach x5  
  106  9:51  Roach x4  
  98  10:15  Hydralisk x6  
  98  10:18  Queen  
  112  10:24  Hydralisk x2  
  112  10:25  Roach  
  118  10:28  Zerg Ground Armor Level 2, Zerg Missile Weapons Level 2  
  118  10:30  Hive  
  118  10:32  Grooved Spines  
  118  10:53  Extractor  
  118  10:54  Extractor  
  118  10:56  Roach x16  
  116  11:01  Hydralisk x2  
  116  11:02  Hydralisk x5, Roach x4  
  116  11:03  Roach x2  
  133  11:22  Drone  
  133  11:23  Drone x3  
  133  11:25  Overlord x3  
  137  11:37  Overlord x3  
  137  11:43  Muscular Augments  
  137  11:47  Ultralisk Cavern  
  137  11:49  Drone x3  
  139  12:49  Ultralisk x3  
  139  12:50  Ultralisk x3, Overlord  
  139  12:51  Overlord x3  
  175  12:55  Hatchery  
  174  13:39  Ultralisk  
  174  13:40  Ultralisk x3  
  198  13:43  Chitinous Plating  
  198  13:45  Adrenal Glands  
  198  14:42  Extractor  
  197  14:46  Extractor  
  196  15:01  Ultralisk x9  
Show
View Real Time Build Order
Export as new Build Order

Infamous Protoss 

Build Orders: Zealot Archon 

Get SALT Encoding   

  12  0:01  Probe  
  13  0:14  Probe  
  14  0:19  Pylon  
  14  0:26  Probe  
  15  0:38  Probe (Chrono Boost)  
  15  0:40  Gateway  
  17  0:50  Probe (Chrono Boost)  
  17  0:55  Probe (Chrono Boost)  
  17  0:57  Assimilator  
  18  1:09  Probe  
  19  1:14  Pylon  
  19  1:21  Probe  
  20  1:30  Pylon  
  20  1:33  Cybernetics Core  
  20  1:41  Zealot (Chrono Boost)  
  20  1:42  Assimilator  
  23  1:47  Probe  
  23  1:59  Probe  
  24  2:06  Warp Gate (Chrono Boost)  
  24  2:08  Zealot  
  26  2:16  Gateway  
  26  2:36  Sentry  
  28  2:40  Twilight Council  
  28  2:49  Probe  
  29  2:58  Gateway  
  29  2:59  Gateway  
  29  3:07  Probe, Gateway  
  30  3:17  Zealot (Chrono Boost)  
  32  3:25  Charge (Chrono Boost)  
  32  3:27  Probe  
  31  4:00  Pylon  
  31  4:09  Pylon  
  31  4:17  Templar Archives  
  31  4:18  Probe  
  31  4:21  Stalker  
  31  4:22  Stalker  
  36  4:31  Probe  
  37  4:43  Probe  
  37  4:45  Sentry x3  
  44  4:46  Zealot  
  46  4:57  Probe  
  46  4:59  Pylon  
  47  5:19  High Templar  
  49  5:29  Zealot x3  
  54  6:15  Pylon  
  54  6:16  Pylon  
  54  6:21  Pylon  
  54  6:36  Nexus  
  54  6:38  Pylon  
  54  6:39  Stalker x2  
  58  6:40  Pylon, High Templar x2  
  58  6:42  Pylon  
  58  6:44  Pylon  
  46  7:15  High Templar  
  42  7:20  Assimilator  
  42  7:22  Probe  
  43  7:23  Assimilator  
  43  7:29  Zealot x3  
  49  7:34  Probe  
  49  7:35  Archon  
  50  7:46  Probe  
  50  7:48  Probe  
  52  7:58  Probe, High Templar  
  52  7:59  High Templar  
  52  8:00  Probe  
  58  8:09  Forge x2  
  58  8:10  Stalker x2  
  62  8:28  Robotics Facility  
  62  8:33  Archon  
  62  8:39  Probe (Chrono Boost)  
  64  8:44  Probe (Chrono Boost)  
  64  8:49  Photon Cannon  
  64  8:52  Photon Cannon  
  64  8:55  Gateway  
  64  8:58  Gateway  
  64  9:01  Gateway  
  64  9:13  Zealot x3  
  64  9:14  Zealot  
  72  9:20  Probe  
  72  9:21  Probe  
  72  9:22  Protoss Ground Weapons Level 1  
  75  9:24  Observer (Chrono Boost)  
  68  9:34  Zealot  
  58  9:39  Observer (Chrono Boost)  
  52  9:48  Zealot  
  54  9:55  High Templar  
  44  10:16  Probe x2  
  46  10:28  Probe  
  46  10:29  Observer  
  48  10:37  Probe (Chrono Boost)  
  50  10:50  Probe (Chrono Boost)  
  27  11:17  Zealot x3  
  29  11:20  High Templar  
  31  11:33  Zealot  
  31  11:38  Probe x2  
  35  12:45  Stalker x2  
  35  12:46  Stalker  
  35  12:47  Zealot  
  35  12:48  Zealot  
  45  13:05  Protoss Ground Weapons Level 2 (Chrono Boost)  
  45  13:08  Protoss Ground Armor Level 1 (Chrono Boost)  
  45  13:16  Probe x2  
  47  13:20  Pylon  
  47  13:22  High Templar  
  47  13:23  High Templar x2  
  53  13:28  Probe x2  
  55  13:40  Probe x2  
  57  13:44  Photon Cannon  
  57  13:48  High Templar  
  57  13:49  High Templar  
  61  14:02  Psionic Storm  
  61  14:16  Sentry x2  
  65  14:17  Sentry x2  
  69  14:28  Probe (Chrono Boost)  
  71  14:32  Probe (Chrono Boost)  
  72  14:39  Probe (Chrono Boost)  
  72  14:43  Probe (Chrono Boost)  
  73  14:55  High Templar x2  
  73  14:57  Zealot x2  
  73  14:58  Zealot  
  83  15:13  Sentry  
  85  15:22  Archon x2  
  75  15:34  Zealot x3  
  63  15:35  Zealot  
Tags
 
Composition
Zealot Archon
Matchup
PvZ
Opening
Pool First
Replay Pack
Last Remnant (2)
Spawn Locations
Cross Positions
Add a new tag
Caveats
  • Supply blocks, unpowered buildings, or Contaminate may cause inaccurate times.
  • Supply counts are checked every 10 seconds.